 Dungeon Crawl Stone Soup version 0.31-a0-868-g674d60d6f7 (webtiles) character file.

Game seed: 17649264248414532090

14883 javelincjr the Mimic (level 11, -8/94 HPs)
             Began as a Minotaur Shapeshifter on Oct 11, 2023.
             Was an Elder of Trog.
             Mangled by a death yak (11 damage)
             ... on level 1 of the Lair of Beasts.
             The game lasted 00:31:02 (9166 turns).

javelincjr the Mimic (Minotaur Shapeshifter)        Turns: 9166, Time: 00:31:03

Health: -8/94      AC: 15    Str: 23    XL:     11   Next: 94%
Magic:  10/10      EV: 14    Int: 14    God:    Trog [****..]
Gold:   562        SH:  0    Dex: 10    Spells: 10/10 levels left

rFire   . .          .
                       - Unarmed
rCold   . . .        (shield currently unavailable)
rNeg    . . .        f - +7 toga "Victory" {*Victory Int+7 Slay+7 Clar}
rPois   .            (helmet restricted)
rElec   .            (no cloak)
rCorr   .            (no gloves)
SInv    +            g - +1 pair of boots
Will    ++...        k - amulet of regeneration
Stlth   +            o - +4 ring of protection
HPRegen 2.15/turn    C - ring of see invisible
MPRegen 0.12/turn

%: clarity
@: flux-form, strong-willed, on berserk cooldown, regenerating, slowed, glowing,
unable to drink, very slow
A: glow, contaminating, horns 2, retaliatory headbutt, passive freeze, inability
to drink after injury 1
a: Begin Untransformation, Renounce Religion, Berserk, Trog's Hand, Brothers in
Arms


You were on level 1 of the Lair of Beasts.
You worshipped Trog.
Trog was greatly pleased with you.
You were something dangerously unstable.
You visited 2 branches of the dungeon, and saw 10 of its levels.
You also visited: Sewer.

You collected 562 gold pieces.

Inventory:

Hand Weapons
 l - a +2 trident of distortion
 p - a +1 dagger of speed
 H - a +2 dagger of draining
 I - a +2 short sword of freezing
 L - a +2 mace of protection
 N - a +1 trident of freezing
 O - a +2 dagger of draining
Missiles
 j - 2 throwing nets
 s - 50 poisoned darts
Armour
 a - a +0 animal skin
 f - the +7 toga "Victory" (worn) {*Victory Int+7 Slay+7 Clar}
   (You found it on level 3 of the Dungeon)

   *Victory:  When the wearer kills a threatening monster, it has a chance to
   gain +1 AC, +1 Slay, and +1 Int, capping at +7.
   When the wearer uses a scroll or a potion with a hostile monster in sight,
   its bonuses reset to +0.
   Unequipping it also resets its bonuses to +0.
   Int+7:     It affects your intelligence (+7).
   Slay+7:    It affects your accuracy & damage with ranged weapons and melee
   (+7).
   Clar:      It protects you from confusion, rage, mesmerisation and fear.
 g - a +1 pair of boots (worn)
 x - a +0 tower shield
 A - a +2 robe of positive energy
 R - a +0 pair of boots
Jewellery
 k - an amulet of regeneration (around neck)
 o - a +4 ring of protection (left hand)
 q - a ring of protection from cold
 B - a ring of wizardry
 C - a ring of see invisible (right hand)
 S - an amulet of magic regeneration
Talismans
 c - a beast talisman
 d - a flux talisman (active)
Wands
 n - a wand of flame (18)
 P - a wand of paralysis (7)
 Q - a wand of digging (9)
 T - a wand of light (7)
Scrolls
 h - a scroll of butterflies
 m - 3 scrolls of brand weapon
 r - 6 scrolls of enchant weapon
 t - 6 scrolls of teleportation
 v - 2 scrolls of fear
 w - 2 scrolls of fog
 y - 2 scrolls of silence
 z - 2 scrolls of identify
 E - a scroll of enchant armour
 F - 2 scrolls of poison
 G - 2 scrolls of blinking
 J - 2 scrolls of immolation
Potions
 b - 4 potions of lignification
 e - 7 potions of curing
 i - 2 potions of haste
 u - 3 potions of mutation
 D - 2 potions of resistance
 K - 2 potions of attraction
 M - a potion of might
 U - a potion of magic


   Skills:
 + Level 7.9 Fighting
 + Level 7.5 Dodging
 + Level 5.6 Stealth
 + Level 7.7 Unarmed Combat
 * Level 11.6 Shapeshifting


You had 10 spell levels left.
You didn't know any spells.
Your spell library contained the following spells:

 Spells                   Type           Power      Damage    Failure   Level
 Sublimation of Blood     Necr           0%         N/A       41%         2
 Wereblood                Tmut           0%         N/A       41%         2
 Inner Flame              Hex/Fire       0%         N/A       65%         3
 Flame Wave               Conj/Fire      0%         2d4       96%         4
 Sticky Flame             Conj/Fire      0%         2d3       96%         4
 Summon Hydra             Summ           0%         N/A       100%        7


Dungeon Overview and Level Annotations

Branches:
Dungeon (9/15)             Temple (0/1) D:7            Lair (1/5) D:9
  Sewer (visited)
    Orc: D:9-12

Altars:
Ashenzari
Cheibriados
Dithmenos
Gozag
Hepliaklqana
Kikubaaqudgha
Makhleb
Nemelex Xobeh
Okawaru
Qazlal
Sif Muna
Trog
Uskayaw
Xom
Yredelemnul

Shops:
D:3 *

Annotations:
D:4 3 runed translucent doors, CowFu's ghost, amateur GnFi; Fodor's ghost, amateur MiFi; LeprechaunX's ghost, amateur OpSh


Innate Abilities, Weirdness & Mutations

You are something dangerously unstable.
You glow with magical radiation, making you easy to see and hit.
Foes you strike become dangerously contaminated with magical radiation.
You are incapable of wielding weapons or throwing items.
You have a pair of horns on your head.
You reflexively headbutt those who attack you in melee.
A frigid envelope surrounds you and freezes all who hurt you.
You occasionally lose the ability to drink potions when taking damage.


Message History

The death yak is very cold.
The death yak is lightly wounded.
The death yak completely misses you. The death yak gores you!
The death yak is very cold.
The death yak is moderately wounded.
You hit the death yak.
The death yak shudders as magic cascades through it!!!
The death yak twists and deforms.
You headbutt the death yak.
The death yak is almost dead.
The death yak closely misses you. x2; You furiously retaliate!
You headbutt the death yak!
The death yak attacks as it pursues you!
The death yak barely misses you.
Your skin crawls.
You feel strong-willed. The death yak gores you!
You feel threatened and lose the ability to drink potions!
The death yak is very cold.
The death yak is moderately wounded.
The death yak gores you!!
* * * LOW HITPOINT WARNING * * *
The death yak is very cold.
The death yak is moderately wounded.
You punch the death yak!
The death yak begins to glow.
The death yak is heavily wounded.
The death yak barely misses you.
You hit the death yak.
The death yak glows dangerously bright.
The death yak is heavily wounded.
The death yak gores you.
* * * LOW HITPOINT WARNING * * *
The death yak is very cold.
The death yak is severely wounded.
You completely miss the death yak.
The death yak is severely wounded.
The death yak gores you!!
* * * LOW HITPOINT WARNING * * *
The death yak is very cold.
The death yak is severely wounded.
The death yak gores you!
You die...

.......# ###........#
.......+.# .........#
........(# #......?.#
..^....#.###........#
....................#
.......# #....Y...#
##'##### #...YYY..#
#....## #Y# #####.P#
######p# .####..#
#......# .......#
##+.#.#####
.......###.........#
.......#.+.........#
...................##
.......###..........#
♣##.#####.>........##
~~..# ########.###


You could see 5 death yaks.

Vanquished Creatures
  A death yak (Lair:1)
  Amaemon (Lair:1)
  An orange demon (Lair:1)
  A komodo dragon (Lair:1)
  2 kobold demonologists (D:9)
  12 blink frogs (Lair:1)
  A shadow (D:9)
  24 yaks
  A wyvern (Lair:1)
  Menkaure (D:6)
  6 water moccasins
  Duvessa (D:6)
  7 orc warriors
  2 sky beasts
  2 ice beasts (D:6)
  6 black bears
  6 ogres
  3 wolves (Lair:1)
  4 centaurs (D:9)
  A phantom (D:5)
  7 kobold brigands
  7 bullfrogs
  A gnoll sergeant (D:3)
  7 scorpions
  3 wights (D:6)
  Dowan (D:6)
  A howler monkey (D:5)
  3 electric eels (Lair:1)
  5 hounds
  A jelly (D:6)
  3 gnoll boudas
  5 orc priests
  3 sleepcaps
  7 iguanas
  6 orc wizards
  Robin (D:4)
  21 gnolls
  21 adders
  3 river rats
  An ufetubus (D:5)
  A worm (D:4)
  A dart slug (D:5)
  28 orcs
  5 endoplasms
  11 giant cockroaches
  7 hobgoblins
  7 jackals (D:5)
  33 kobolds
  4 quokkas
  15 ball pythons
  2 bats
  A frilled lizard (D:3)
  17 goblins
  9 rats
331 creatures vanquished.

Notes
Turn   | Place    | Note
-------+----------+-------------------------------------------
     0 | D:1      | javelincjr the Minotaur Shapeshifter began the quest for
                  | the Orb.
     0 | D:1      | Reached XP level 1. HP: 16/16 MP: 0/0
   117 | D:1      | Reached XP level 2. HP: 19/23 MP: 1/1
   182 | D:1      | Found a faded altar of an unknown god.
   388 | D:1      | Reached skill level 3 in Shapeshifting
   883 | D:2      | Reached XP level 3. HP: 28/28 MP: 2/2
  1609 | D:3      | Found a hide-covered altar of Uskayaw.
  1610 | D:3      | Noticed a +0 dagger
  1610 | D:3      | Noticed a +0 dagger
  1711 | D:3      | Found an ancient bone altar of Kikubaaqudgha.
  1797 | D:3      | Reached XP level 4. HP: 35/35 MP: 3/3
  1886 | D:3      | Found a basalt altar of Yredelemnul.
  1910 | D:3      | Found an iron altar of Okawaru.
  1910 | D:3      | Found a runed translucent door.
  1915 | D:3      | Noticed a gnoll sergeant
  1916 | D:3      | Found the +0 toga "Victory" {*Victory Clar}
  1971 | D:3      | Found Gozag's Platinum Reserve.
  2077 | D:3      | Reached skill level 4 in Shapeshifting
  2114 | D:3      | Found an opulent altar of Gozag.
  2220 | D:3      | Found a bloodstained altar of Trog.
  2571 | D:3      | Gained mutation: You occasionally lose the ability to drink
                  | potions when taking damage. [potion of mutation]
  2571 | D:3      | Gained mutation: A frigid envelope surrounds you and
                  | freezes all who hurt you. [potion of mutation]
  2633 | D:3      | Reached XP level 5. HP: 26/40 MP: 4/4
  2829 | D:4      | Reached skill level 5 in Shapeshifting
  2829 | D:4      | Reached XP level 6. HP: 31/47 MP: 5/5
  2954 | D:4      | Found a runed translucent gate.
  2959 | D:4      | Found a runed translucent gate.
  2960 | D:4      | Found a runed translucent gate.
  2961 | D:4      | Noticed Fodor's ghost (amateur MiFi)
  2961 | D:4      | Noticed CowFu's ghost (amateur GnFi)
  2962 | D:4      | Noticed LeprechaunX's ghost (amateur OpSh)
  3030 | D:4      | Noticed Robin
  3036 | D:4      | Killed Robin
  3114 | D:4      | Found a sparkling altar of Nemelex Xobeh.
  3306 | D:4      | Reached skill level 6 in Shapeshifting
  3316 | D:4      | Reached XP level 7. HP: 50/52 MP: 6/6
  3558 | D:5      | Entered Level 5 of the Dungeon
  3651 | D:5      | Reached skill level 7 in Shapeshifting
  3775 | D:5      | Reached XP level 8. HP: 52/59 MP: 7/7
  3791 | D:5      | Found a broken altar of Ashenzari.
  3903 | D:5      | Found a shimmering blue altar of Sif Muna.
  4064 | D:6      | Found a shadowy altar of Dithmenos.
  4120 | D:6      | Reached skill level 8 in Shapeshifting
  4189 | D:6      | Noticed Duvessa
  4189 | D:6      | Noticed Dowan
  4212 | D:6      | Killed Duvessa
  4215 | D:6      | Killed Dowan
  4259 | D:6      | Found a glowing drain.
  4259 | D:6      | Noticed Menkaure
  4274 | D:6      | Killed Menkaure
  4285 | Sewer    | Entered a sewer
  4289 | Sewer    | Reached skill level 9 in Shapeshifting
  4788 | D:6      | Reached XP level 9. HP: 66/66 MP: 8/8
  5072 | D:6      | Reached skill level 1 in Stealth
  5683 | D:3      | Became a worshipper of Trog the Wrathful
  5876 | D:7      | Found a burning altar of Makhleb.
  6152 | D:7      | Found a staircase to the Ecumenical Temple.
  6214 | D:7      | Found a shimmering altar of Xom.
  6215 | D:7      | Found a hazy altar of Hepliaklqana.
  6218 | D:7      | Noticed a spectral ugly thing
  6361 | D:8      | Reached * piety under Trog
  6443 | D:8      | Reached skill level 10 in Shapeshifting
  6755 | D:8      | Reached skill level 5 in Unarmed Combat
  6755 | D:8      | Reached XP level 10. HP: 59/79 MP: 9/9
  6790 | D:8      | Found a stormy altar of Qazlal.
  6995 | D:9      | Noticed a sixfirhy
  6996 | D:9      | Reached ** piety under Trog
  7010 | D:9      | Reached skill level 5 in Fighting
  7010 | D:9      | Reached skill level 5 in Dodging
  7033 | D:9      | Found a staircase to the Lair.
  7408 | D:9      | Reached XP level 11. HP: 83/89 MP: 10/10
  7448 | D:9      | Reached *** piety under Trog
  7750 | D:9      | Found a snail-covered altar of Cheibriados.
  7770 | D:9      | Reached skill level 11 in Shapeshifting
  8404 | Lair:1   | Entered Level 1 of the Lair of Beasts
  8493 | Lair:1   | Reached skill level 5 in Stealth
  8542 | Lair:1   | Noticed Amaemon
  8556 | Lair:1   | Killed Amaemon
  8556 | Lair:1   | Reached **** piety under Trog
  8763 | Lair:1   | Noticed a death yak
  8768 | Lair:1   | HP: 4/92 [electric eel/bolt of electricity (9)]
  9147 | Lair:1   | Noticed a death yak
  9148 | Lair:1   | Noticed a death yak
  9148 | Lair:1   | Noticed a death yak
  9148 | Lair:1   | Noticed a death yak
  9150 | Lair:1   | Noticed a death yak
  9157 | Lair:1   | Killed a death yak
  9166 | Lair:1   | HP: 3/94 [death yak (19)]
  9166 | Lair:1   | Mangled by a death yak

Illustrated notes

Levels and vault maps discovered:
D:1:      dpeg_arrival_refuge, layout_rooms, hellmonk_ecumenical_altar_zigzags
D:2:      layout_basic
D:3:      layout_basic, mainiacjoe_overflow_alcove_1, general_overflow_altar,
          nicolae_overflow_guarded_unrand_okawaru_victory,
          mainiacjoe_overflow_brackets, dancing_weapons_uskayaw,
          nicolae_gozag_zags_fifth_avenue
D:4:      layout_basic, nemelex_dance_club_becter, gammafunk_ghost_cemetery,
          serial_glass, glass_columns_a, glass_columns_a, uniq_robin
D:5:      layout_rooms, ashenzari_altar_1, nicolae_sif_muna_little_library
D:6:      layout_layer_cave, grunt_dithmenos_smoke_and_mirrors,
          portal_sewer_entry_b, nicolae_half_adder, uniq_menkaure, uniq_duvessa
D:7:      layout_rooms, regret_index_temple_of_mockery, kennysheep_little_box,
          minmay_temple_entry_hall
D:8:      layout_loops_ring, lemuel_coloured_pillars_altar
D:9:      kennysheep_seaside_town, layout_irregular_city,
          mainiacjoe_overflow_concentric_impassable, due_lair_maze_entry_diamond
Lair:1:   layout_roguey, serial_bayou_lake_a, uniq_amaemon

Skill      XL: |  1  2  3  4  5  6  7  8  9 10 11 |
---------------+----------------------------------+-----
Shapeshifting  | 3 4 5 6 7 9 10 11 | 11.6
Fighting       | 4 6 7 |  7.9
Stealth        | 2 4 5 |  5.6
Dodging        | 4 6 7 |  7.5
Unarmed Combat | 5 6 7 |  7.7

Action                     |  1- 3 |  4- 6 |  7- 9 | 10-12 || total
---------------------------+-------+-------+-------+-------++-------
  Melee: Unarmed           |    67 |    67 |   261 |   312 ||   707
         Headbutt          |     9 |     8 |    57 |    78 ||   152
         Punch             |     1 |     3 |     2 |       ||     6
 Invoke: Berserk           |       |       |       |     1 ||     1
         Trog's Hand       |       |       |       |     1 ||     1
    Use: Potion            |       |     7 |     1 |       ||     8
         Scroll            |       |     7 |     8 |     3 ||    18
   Stab: Sleeping          |       |     2 |     1 |       ||     3
 Armour: Animal skin       |    32 |     9 |       |       ||    41
         Robe              |       |    24 |   155 |   261 ||   440
  Dodge: Dodged            |    39 |    35 |   148 |   218 ||   440
   Form: Flux              |       |       |     1 |       ||     1

Table legend: (Time is in decaauts)
 A = Elapsed time spent in this place.
 B = Non-inter-level travel time spent in this place.
 C = Inter-level travel time spent in this place.
 D = Time resting spent in this place.
 E = Time spent auto-exploring this place.
 F = Levels seen in this place.
 G = Mean time per level.
                   A        B        C        D        E       F      G
               +--------+--------+--------+--------+--------+-----+--------+
         Total |   9168 |   8644 |    524 |    153 |   6594 |  11 |  833.5 |
       Dungeon |   8069 |   7546 |    523 |     61 |   5932 |   9 |  896.6 |
          Lair |    758 |    758 |      0 |     92 |    448 |   1 |  758.0 |
         Sewer |    340 |    340 |      0 |      0 |    214 |   1 |  340.0 |
               +--------+--------+--------+--------+--------+-----+--------+

Top non-repeatable levels by time:
     D:9: 1425 daAuts
     D:6: 1279 daAuts
     D:3: 1230 daAuts
     D:2: 1083 daAuts
     D:4: 796 daAuts
  Lair:1: 758 daAuts
     D:8: 704 daAuts
     D:5: 533 daAuts
     D:1: 514 daAuts
     D:7: 501 daAuts
   Sewer: 340 daAuts
